 Dungeon Crawl Stone Soup version 0.29-a0-341-g24ffce5b50 (webtiles) character file.

Game seed: 12546710013644836466

77 Essalna the Conjurer (level 4, 33/33 HPs)
             Began as a Demonspawn Conjurer on Apr 20, 2022.
             Got out of the dungeon alive.
             The game lasted 00:02:39 (1618 turns).

Essalna the Conjurer (Demonspawn Conjurer)          Turns: 1618, Time: 00:02:39

Health: 33/33      AC:  2    Str:  7    XL:     4   Next: 14%
Magic:  8/8        EV: 12    Int: 22    God:
Gold:   38         SH:  0    Dex: 11    Spells: 5/8 levels left

rFire   . . .      SeeInvis .   c - +1 dagger (speed)
rCold   . . .      Faith    .   (no shield)
rNeg    . . .      Spirit   .   a - +0 robe
rPois   .          Reflect  .   (helmet restricted)
rElec   .          Harm     .   (no cloak)
rCorr   .          Rampage  .   (no gloves)
Will    .....                   (no boots)
Stlth   ++........              d - amulet of the acrobat
HPRegen 0.11/turn               (no ring)
MPRegen 0.11/turn               (no ring)

@: no status effects
A: antennae 1, spiny 2
a: no special abilities


You escaped.
You visited 1 branch of the dungeon, and saw 2 of its levels.

You collected 38 gold pieces.

Inventory:

Hand Weapons
 c - a +1 dagger of speed (weapon)
Armour
 a - a +0 robe (worn)
Jewellery
 d - an amulet of the acrobat (around neck)
Scrolls
 e - a scroll of identify {unknown}
 g - a scroll of magic mapping {unknown}
Potions
 b - a potion of magic
 f - a potion of mutation {unknown}
 h - a potion of degeneration {unknown}


   Skills:
 + Level 1.6 Fighting
 - Level 1.8 Dodging
 - Level 2.0 Stealth
 + Level 2.8 Spellcasting
 + Level 4.6 Conjurations


You had 5 spell levels left.
You knew the following spells:

 Your Spells              Type           Power      Damage    Failure   Level
a - Magic Dart            Conj           92%        1d7       1%          1
b - Searing Ray           Conj           46%        2d6       2%          2

Your spell library contained the following spells:

 Spells                   Type           Power      Damage    Failure   Level
 Dazzling Flash           Conj/Hex       26%        N/A       14%         3
 Gell's Gravitas          Tloc           3%         N/A       36%         3
 Teleport Other           Tloc           3%         N/A       36%         3
 Fulminant Prism          Conj/Hex       6%         3d7       43%         4
 Iskenderun's Mystic Bla  Conj/Tloc      13%        2d5       43%         4
 Dispersal                Tloc           1%         N/A       100%        6


Dungeon Overview and Level Annotations

Branches:
Dungeon (2/15)

Altars:


Innate Abilities, Weirdness & Mutations

You have a pair of small antennae on your head.
You are mostly covered in sharp spines.


Message History

Things that are here:
a +0 whip; a stone; a kobold corpse A jackal comes into view.
A jackal is nearby!
A jackal comes into view.
The magic dart hits the jackal.
The jackal is heavily wounded.
The jackal barks!
The magic dart hits the jackal.
The jackal is almost dead.
The jackal barks!
A dart slug comes into view.
The magic dart hits the jackal!
You kill the jackal!
You miscast Magic Dart.
You are very lightly contaminated with residual magic.
Nothing appears to happen.
The magic dart hits the jackal.
You kill the jackal!
The magic dart hits the dart slug.
The dart slug is heavily wounded.
The magic dart hits the dart slug.
The dart slug is almost dead.
The magic dart hits the dart slug.
You kill the dart slug!
You are too depleted to draw on your mana recklessly!
You are too depleted to draw on your mana recklessly!
You are too depleted to draw on your mana recklessly!
You are too depleted to draw on your mana recklessly!
Your magical contamination has completely faded away.
Found 11 gold pieces.
There is a stone staircase leading up here.
You climb upwards.
There is a stone staircase leading down here.
You see here a +0 dagger.
Magic restored.
You see here a +0 robe.
There is a staircase leading out of the dungeon here.
Are you sure you want to leave the Dungeon?
This will make you lose the game!
You have escaped!

#.#.# ###.......#######....(..#
##.#.# ##......###.......###.....
...#.# #....###.............###..
####.###...#......#######......#)
#.##...#.....### ###.....#
#.##...#....## ##....#
#.##...#....## ##....#
#.##...#.....### ###.....#
#.###...#....@.#######......#.
####.# #....###.............###..
.....# ##......###.......###.....
###### ###.......#######.......#
###### #####.............#####
.....# ############### # ####.#
### #..# #.###.## #######..#
####.##...######........#


There were no monsters in sight!

Vanquished Creatures
  A jelly (D:2)
  An adder (D:2)
  A dart slug (D:2)
  3 ball pythons (D:1)
  3 endoplasms
  A giant cockroach (D:1)
  3 goblins (D:1)
  4 hobgoblins (D:1)
  2 jackals (D:2)
  4 kobolds
  2 quokkas (D:1)
  4 bats
  4 frilled lizards
  3 rats
36 creatures vanquished.

Notes
Turn   | Place    | Note
-------+----------+-------------------------------------------
     0 | D:1      | Essalna the Demonspawn Conjurer began the quest for the
                  | Orb.
     0 | D:1      | Reached XP level 1. HP: 13/13 MP: 3/3
   275 | D:1      | Gained mutation: You are partially covered in sharp spines.
                  | [demonic ancestry]
   275 | D:1      | Reached XP level 2. HP: 19/19 MP: 1/5
   278 | D:1      | Learned a level 2 spell: Searing Ray
   879 | D:1      | Found a faded altar of an unknown god.
  1029 | D:1      | Gained mutation: You are mostly covered in sharp spines.
                  | [demonic ancestry]
  1029 | D:1      | Reached XP level 3. HP: 25/25 MP: 4/6
  1174 | D:2      | Reached skill level 1 in Fighting
  1321 | D:2      | Gained mutation: You have a pair of small antennae on your
                  | head. [demonic ancestry]
  1321 | D:2      | Reached XP level 4. HP: 32/32 MP: 1/8
  1618 | D:$      | Got out of the dungeon alive.

Illustrated notes

Levels and vault maps discovered:
D:1:      dpeg_arrival_oval, layout_loops_ring,
          dreamdust_ecumenical_altar_statues, st_stairs_13
D:2:      layout_basic, pf_guarded_unrand_woodcutter, uniq_crazy_yiuf_cottage

Skill      XL: |  1  2  3 |
---------------+----------+-----
Stealth        | 2 |  2.0
Fighting       | 1 |  1.6
Dodging        | |  1.8
Spellcasting   | |  2.8
Conjurations   | |  4.6

Action                   |  1- 3 |  4- 6 || total
-------------------------+-------+-------++-------
Melee: Dagger            |    17 |       ||    17
 Cast: Magic Dart        |    39 |    11 ||    50
 Stab: Sleeping          |     2 |       ||     2
Armor: Robe              |     1 |       ||     1
Dodge: Dodged            |     6 |     2 ||     8

Table legend: (Time is in decaauts)
 A = Elapsed time spent in this place.
 B = Non-inter-level travel time spent in this place.
 C = Inter-level travel time spent in this place.
 D = Time resting spent in this place.
 E = Time spent auto-exploring this place.
 F = Levels seen in this place.
 G = Mean time per level.
                   A        B        C        D        E       F      G
               +--------+--------+--------+--------+--------+-----+--------+
         Total |   1612 |   1349 |    263 |      0 |   1189 |   2 |  806.0 |
       Dungeon |   1612 |   1349 |    263 |      0 |   1189 |   2 |  806.0 |
               +--------+--------+--------+--------+--------+-----+--------+

Top non-repeatable levels by time:
     D:1: 1313 daAuts
     D:2: 299 daAuts
